 Dungeon Crawl Stone Soup version 0.31-a0-675-g238779eb0a (webtiles) character file.

Game seed: 2598309987145608253

1143 qw the Skirmisher (level 8, -13/50 HPs)
             Began as a Gargoyle Hunter on Sept 5, 2023.
             Mangled by an ogre
             ... wielding a +0 giant spiked club
              (27 damage)
             ... on level 5 of the Dungeon.
             The game lasted 00:01:50 (3611 turns).

qw the Skirmisher (Gargoyle Hunter)                 Turns: 3611, Time: 00:01:50

Health: -13/50     AC: 12    Str: 22    XL:     8   Next: 37%
Magic:  8/8        EV: 12    Int:  9    God:
Gold:   74         SH:  0    Dex: 17    Spells: 7/7 levels left

rFire   . . .        Y - +1 shortbow
rCold   . . .        (shield currently unavailable)
rNeg    + . .        c - +1 leather armour {Will+}
rPois   inf          f - +0 helmet
rElec   +            (no cloak)
rCorr   .            b - +0 pair of gloves of the Mantidfly {Rampage Dex+2}
SInv    .            (no boots)
Will    +....        (no amulet)
Stlth   ++           d - +6 ring of strength
HPRegen 0.28/turn    (no ring)
MPRegen 0.11/turn

%: rampage
@: no status effects
A: sickness immunity, AC +5, negative energy resistance 1, electricity
resistance, torment resistance 1, petrification resistance
a: no special abilities


You were on level 5 of the Dungeon.
You visited 1 branch of the dungeon, and saw 5 of its levels.

You collected 247 gold pieces.
You spent 173 gold pieces at shops.


Innate Abilities, Weirdness & Mutations

You are immune to sickness and miasma.
Your stone body is resilient. (AC +5)
You are immune to poison.
You resist negative energy. (rN+)
You are resistant to electric shocks. (rElec)
You are resistant to unholy torment.
You are immune to petrification.


   Skills:
 + Level 5.4 Fighting
 - Level 9.0 Ranged Weapons
 - Level 1.8 Armour
 - Level 2.2 Dodging
 - Level 1.1 Stealth


You had 7 spell levels left.
You didn't know any spells.
Your spell library was empty.

Inventory:

Hand Weapons
 Y - a +1 shortbow (weapon)
Armour
 b - the +0 pair of gloves of the Mantidfly (worn) {Rampage Dex+2}
   (You acquired it on level 2 of the Dungeon)

   Dex+2:     It affects your dexterity (+2).
   Rampage:   It bestows one free step when moving towards enemies.
 c - a +1 leather armour of willpower (worn)
 f - a +0 helmet (worn)
Jewellery
 d - a +6 ring of strength (left hand)
 g - a ring of ice
Scrolls
 e - a scroll of identify
Potions
 h - a potion of degeneration {unknown}
 i - a potion of resistance {unknown}
 j - a potion of heal wounds {unknown}
 l - a potion of haste {unknown}
 m - a potion of curing {unknown}
 p - a potion of might {unknown}
 q - a potion of attraction {unknown}

Dungeon Overview and Level Annotations

Branches:
Dungeon (5/15)
 Temple: D:4-7

Altars:
Wu Jian

Shops:
D:3 *   D:4 :


Message History

You kill the scorpion!
You shoot an arrow. The arrow hits the ogre!
The ogre is heavily wounded.
The ogre closely misses you. The ogre barely misses you.
You shoot an arrow. The arrow barely misses the ogre.
The arrow hits the worm.
The worm is moderately wounded.
The ogre closely misses you.
You shoot an arrow. The arrow hits the ogre!
The ogre is almost dead.
The ogre completely misses you.
You shoot an arrow. The arrow hits the ogre!
You kill the ogre!
Your Ranged Weapons skill increases to level 9!
You shoot an arrow. The arrow barely misses the worm.
The ogre misses you.
You shoot an arrow. The arrow hits the worm!
The worm is severely wounded.
The ogre barely misses you. The worm bites you but does no damage.
You shoot an arrow. The arrow hits the worm.
The worm is severely wounded.
You shoot an arrow. The arrow hits the worm.
The worm is almost dead.
The ogre closely misses you. The worm bites you.
You shoot an arrow.
The arrow hits the worm but does no damage.
The worm is almost dead.
The ogre hits you with a +0 giant spiked club!!
Ouch! That really hurt!
You shoot an arrow. The arrow hits the worm!
You kill the worm!
You shoot an arrow. The arrow hits the ogre.
The ogre is lightly wounded.
The ogre barely misses you.
You shoot an arrow. The arrow hits the ogre.
The ogre is lightly wounded.
You shoot an arrow. The arrow hits the ogre!
The ogre is heavily wounded.
The ogre hits you with a +0 giant spiked club!!
Ouch! That really hurt!
You die...

...O.............(
.....O............
..................
#.............#...
..................
#+#...%$..........
........##...####+##
........##)#.# ....#
.......[##@#.##....#
..........O........#
...................#
#+#.#..............#
#.#..............#
#.#..<...........#
#....)####.......#
#................#
..........#........#


You could see an ogre.

Vanquished Creatures
  Grinder (D:3)
  Eustachio (D:4)
  A black bear (D:4)
  An ogre (D:5)
  2 kobold brigands (D:4)
  2 scorpions
  A howler monkey (D:5)
  A jelly (D:3)
  An iguana (D:5)
  Ijyb (D:3)
  2 orc wizards (D:3)
  Natasha (thrice) (D:3)
  5 adders
  4 worms
  3 dart slugs
  10 orcs
  7 ball pythons
  9 endoplasms
  2 giant cockroaches
  8 goblins
  5 hobgoblins
  3 quokkas
  5 bats
  3 frilled lizards (D:3)
  13 kobolds
  4 rats
98 creatures vanquished.

Notes
Turn   | Place    | Note
-------+----------+-------------------------------------------
     0 | D:1      | qw the Gargoyle Hunter began the quest for the Orb.
     0 | D:1      | Reached XP level 1. HP: 12/12 MP: 1/1
     0 | D:1      | 0 ||| qw: Version: 0.3-a-75-g829b12e
     0 | D:1      | 0 ||| qw: Game counter: 143
     0 | D:1      | 0 ||| qw: Melee chars always use a shield: true
     0 | D:1      | 0 ||| qw: God list: Okawaru
     0 | D:1      | 0 ||| qw: Allow faded altars: false
     0 | D:1      | 0 ||| qw: Do Orc after clearing Dungeon:15 true
     0 | D:1      | 0 ||| qw: Do second Lair branch before Depths: true
     0 | D:1      | 0 ||| qw: Lair rune preference: random
     0 | D:1      | 0 ||| qw: Goals: Normal
     0 | D:1      | 0 ||| PLANNING D:1-11
    35 | D:1      | Reached XP level 2. HP: 17/17 MP: 2/2
   494 | D:1      | Reached XP level 3. HP: 21/21 MP: 3/3
   640 | D:1      | Reached skill level 5 in Ranged Weapons
   743 | D:1      | 743 ||| UPGRADING to +0 helmet.
   748 | D:1      | 748 ||| READING scroll labelled ETZU RAIDGHI.
   749 | D:1      | 749 ||| READING 2 scrolls labelled WUC HUUHABEJIOHE.
   750 | D:1      | 750 ||| DROPPING scroll of butterflies.
  1314 | D:2      | Found a faded altar of an unknown god.
  1316 | D:2      | 1316 ||| UPGRADING to +0 ring mail.
  1326 | D:2      | 1326 ||| DROPPING +0 leather armour.
  1327 | D:2      | 1327 ||| READING scroll labelled DODDOA KINLY.
  1328 | D:2      | 1328 ||| READING scroll labelled VIPIAR XIAWI.
  1329 | D:2      | 1329 ||| READING scroll labelled LUIBUR LUBLUM.
  1330 | D:2      | 1330 ||| READING scroll labelled NIBLEZU ZIJAW.
  1331 | D:2      | 1331 ||| READING scroll labelled WAT GUS OLINUL.
  1331 | D:2      | Identified a scroll of acquirement
  1331 | D:2      | 1331 ||| ACQUIRING +0 pair of gloves of the Mantidfly
                  | {Rampage Dex+2}
  1331 | D:2      | Acquired the +0 pair of gloves of the Mantidfly {Rampage
                  | Dex+2}
  1333 | D:2      | 1333 ||| UPGRADING to +0 pair of gloves of the Mantidfly
                  | {Rampage Dex+2}.
  1372 | D:3      | Reached skill level 1 in Armour
  1387 | D:3      | Noticed Natasha
  1399 | D:3      | Killed Natasha
  1400 | D:3      | Reached skill level 3 in Fighting
  1400 | D:3      | Reached XP level 4. HP: 21/28 MP: 4/4
  1468 | D:3      | Noticed Grinder
  1478 | D:3      | Paralysed by Grinder for 4 turns
  1485 | D:3      | Killed Grinder
  1486 | D:3      | Reached skill level 6 in Ranged Weapons
  1486 | D:3      | Reached XP level 5. HP: 14/32 MP: 5/5
  1486 | D:3      | Reached XP level 6. HP: 16/37 MP: 6/6
  1637 | D:3      | 1637 ||| Stepping ~*~*~tactically~*~*~ (outnumbered).
  1683 | D:3      | HP: 6/37 [something/puff of flame (5)]
  1707 | D:3      | 1707 ||| FLEEEEING.
  1892 | D:3      | Found Ofuofuf's Assorted Antiques.
  1900 | D:3      | 1900 ||| BUYING dyed leather armour (110 gold).
  1900 | D:3      | Bought a dyed leather armour for 110 gold pieces
  1900 | D:3      | 1900 ||| BUYING orange potion (19 gold).
  1900 | D:3      | Bought an orange potion for 19 gold pieces
  1900 | D:3      | 1900 ||| BUYING scroll labelled LEYDDOGA SOMID (22 gold).
  1900 | D:3      | Bought a scroll labelled LEYDDOGA SOMID for 22 gold pieces
  1900 | D:3      | 1900 ||| BUYING scroll labelled ZONGATT DURGH (22 gold).
  1900 | D:3      | Bought a scroll labelled ZONGATT DURGH for 22 gold pieces
  1946 | D:3      | Noticed Natasha
  1951 | D:3      | Killed Natasha
  2212 | D:3      | Reached skill level 7 in Ranged Weapons
  2221 | D:3      | Found an ornate altar of the Wu Jian Council.
  2268 | D:3      | Noticed Ijyb
  2279 | D:3      | Killed Ijyb
  2472 | D:3      | 2472 ||| UPGRADING to +1 leather armour of willpower.
  2482 | D:3      | 2482 ||| DROPPING +0 ring mail.
  2483 | D:3      | 2483 ||| READING scroll labelled LEYDDOGA SOMID.
  2484 | D:3      | 2484 ||| READING scroll labelled ZONGATT DURGH.
  2485 | D:3      | 2485 ||| READING scroll labelled USHAEX COIROFU.
  2490 | D:3      | 2490 ||| READING 2 scrolls of identify.
  2490 | D:3      | 2490 ||| IDENTIFYING fuming amethyst potion
  2491 | D:3      | 2491 ||| DROPPING potion of brilliance.
  2522 | D:3      | Noticed Natasha
  2524 | D:3      | 2524 ||| Stepping ~*~*~tactically~*~*~ (outnumbered).
  2528 | D:3      | Killed Natasha
  2637 | D:4      | Found Coemisi's Self-Improvement Boutique.
  2640 | D:4      | Reached XP level 7. HP: 43/43 MP: 7/7
  2644 | D:4      | 2644 ||| STAIRDANCE
  2721 | D:4      | Noticed Eustachio
  2738 | D:4      | 2738 ||| Stepping ~*~*~tactically~*~*~ (retreating).
  2739 | D:4      | 2739 ||| Stepping ~*~*~tactically~*~*~ (retreating).
  2740 | D:4      | 2740 ||| Stepping ~*~*~tactically~*~*~ (retreating).
  2741 | D:4      | 2741 ||| Stepping ~*~*~tactically~*~*~ (retreating).
  2749 | D:4      | 2749 ||| Stepping ~*~*~tactically~*~*~ (retreating).
  2770 | D:4      | 2770 ||| FLEEEEING.
  2771 | D:4      | 2771 ||| FLEEEEING.
  2772 | D:4      | 2772 ||| FLEEEEING.
  2773 | D:4      | 2773 ||| FLEEEEING.
  2774 | D:4      | 2774 ||| FLEEEEING.
  2775 | D:4      | 2775 ||| FLEEEEING.
  2776 | D:4      | 2776 ||| FLEEEEING.
  2777 | D:4      | 2777 ||| FLEEEEING.
  2778 | D:4      | 2778 ||| FLEEEEING.
  2780 | D:4      | 2780 ||| FLEEEEING.
  2781 | D:4      | 2781 ||| FLEEEEING.
  2782 | D:4      | 2782 ||| FLEEEEING.
  2783 | D:4      | 2783 ||| FLEEEEING.
  2790 | D:4      | Killed Eustachio
  2948 | D:4      | Reached skill level 8 in Ranged Weapons
  3349 | D:4      | Reached XP level 8. HP: 44/50 MP: 8/8
  3410 | D:4      | 3410 ||| UPGRADING to +6 ring of strength.
  3411 | D:4      | 3411 ||| READING scroll labelled LIONAO FOENEA.
  3412 | D:4      | 3412 ||| DRINKING 2 glowing yellow potions.
  3517 | D:4      | 3517 ||| READING 2 scrolls of identify.
  3517 | D:4      | 3517 ||| IDENTIFYING smoky grey potion
  3518 | D:4      | 3518 ||| DROPPING potion of lignification.
  3519 | D:4      | 3519 ||| DROPPING potion of berserk rage.
  3552 | D:5      | Entered Level 5 of the Dungeon
  3584 | D:5      | 3584 ||| RETREATING.
  3603 | D:5      | Reached skill level 9 in Ranged Weapons
  3611 | D:5      | Mangled by an ogre

Levels and vault maps discovered:
D:1:      ebering_trefoil_twist, layout_basic, chequers_serial_rivers_small_3
D:2:      layout_rooms, shapermc_ecumenical_altar_petra, minmay_cut_off
D:3:      layout_loops_ring, pdpol_wu_jian_five_deadly_venoms, serial_shops,
          shop, uniq_ijyb, uniq_natasha, uniq_grinder
D:4:      cheibrodos_thug_alley, layout_cave_pools, nicolae_shop_self_help,
          uniq_eustachio
D:5:      layout_basic, uniq_menkaure

Skill      XL: |  1  2  3  4  5  6  7  8 |
---------------+-------------------------+-----
Ranged Weapons | 5 6 7 8 9 |  9.0
Armour         | 1 |  1.8
Fighting       | 3 4 5 |  5.4
Dodging        | 2 |  2.2
Stealth        | |  1.1

Action                     |  1- 3 |  4- 6 |  7- 9 || total
---------------------------+-------+-------+-------++-------
   Fire: Shortbow          |   105 |   139 |   209 ||   453
    Use: Scroll            |     7 |     4 |     2 ||    13
         Potion            |       |       |     1 ||     1
 Armour: Leather armour    |    20 |     2 |   117 ||   139
         Ring mail         |     7 |   120 |       ||   127
  Dodge: Dodged            |    21 |    67 |   113 ||   201

Table legend:
 A = Non-vault XP
 B = Vault XP
 C = Vault XP percentage of total XP
 D = Non-vault monster count
 E = Vault monster count
 F = Vault count percentage of total count
                 A         B        C        D         E       F
            +---------+---------+-------+---------+---------+-------
      Total |     886 |     748 |  45.8 |      83 |      15 |  15.3
            +---------+---------+-------+---------+---------+-------
        D:1 |      42 |       0 |   0.0 |      24 |       0 |   0.0
        D:2 |      16 |       5 |  23.8 |       7 |       1 |  12.5
        D:3 |     251 |     335 |  57.2 |      27 |       3 |  10.0
        D:4 |     267 |     408 |  60.4 |      19 |      11 |  36.7
        D:5 |     310 |       0 |   0.0 |       6 |       0 |   0.0
            +---------+---------+-------+---------+---------+-------
